 Dungeon Crawl Stone Soup version 0.29.1-15-g9cfb28693d (webtiles) character file.

Game seed: 1530282527503446060

525 Sanktem7 the Chopper (level 7, -1/61 HPs)
             Began as a Minotaur Fighter on Mar 13, 2023.
             Was an Initiate of Okawaru.
             Slain by a scorpion (5 damage)
             ... on level 5 of the Dungeon.
             The game lasted 00:07:46 (3247 turns).

Sanktem7 the Chopper (Minotaur Fighter)             Turns: 3247, Time: 00:07:46

Health: -1/61      AC: 12    Str: 23    XL:     7   Next: 2%
Magic:  6/6        EV:  7    Int:  5    God:    Okawaru [......]
Gold:   188        SH:  5    Dex:  9    Spells: 6/6 levels left

rFire   . . .      SeeInvis .   z - +2 war axe (vorpal) {axe}
rCold   . . .      Faith    .   s - +1 buckler of a treasure trove {+Blink rN+ Regen+}
rNeg    + . .      Spirit   .   t - +0 chain mail
rPois   .          Reflect  .   (helmet restricted)
rElec   .          Harm     .   (no cloak)
rCorr   .          Rampage  .   (no gloves)
Will    .....                   o - +1 pair of boots
Stlth   ..........              (no amulet)
HPRegen 1.00/turn               (no ring)
MPRegen 0.10/turn               (no ring)

@: lethally poisoned (-1 -> -7), slowed, very slow
A: horns 2, retaliatory headbutt
a: Renounce Religion, Evoke Blink


You were on level 5 of the Dungeon.
You worshipped Okawaru.
Okawaru was noncommittal.
You visited 2 branches of the dungeon, and saw 6 of its levels.

You collected 188 gold pieces.


Innate Abilities, Weirdness & Mutations

You have a pair of horns on your head.
You reflexively headbutt those who attack you in melee.


   Skills:
 + Level 5.3 Fighting
 * Level 6.1 Axes
 + Level 5.3 Armour
 + Level 5.3 Shields


You had 6 spell levels left.
You didn't know any spells.
Your spell library contained the following spells:

 Spells                   Type           Power      Damage    Failure   Level
 Confusing Touch          Hex            0%         N/A       100%        3
 Conjure Flame            Conj/Fire      0%         6-21      100%        3
 Gell's Gravitas          Tloc           0%         N/A       100%        3
 Ignite Poison            Fire/Tmut/Pois 0%         N/A       100%        3
 Ozocubu's Armour         Ice            0%         N/A       100%        3
 Teleport Other           Tloc           0%         N/A       100%        3
 Sticky Flame             Conj/Fire      0%         2d3       100%        4
 Metabolic Englaciation   Hex/Ice        0%         N/A       100%        5
 Yara's Violent Unravell  Hex/Tmut       0%         3d3       100%        5
 Dispersal                Tloc           0%         N/A       100%        6
 Enfeeble                 Hex            0%         N/A       100%        7
 Simulacrum               Ice/Necr       Unusable   N/A       N/A         6

Inventory:

Hand Weapons
 z - a +2 vorpal war axe (weapon) {axe}
   (You found it on level 3 of the Dungeon)
Missiles
 g - 4 boomerangs (quivered) {throwing}
 u - 11 stones {throwing}
 y - 9 poisoned darts {throwing}
Armour
 o - a +1 pair of boots (worn)
   (You found it on level 1 of the Dungeon)
 s - the +1 buckler of a treasure trove (worn) {+Blink rN+ Regen+}
   (You found it on level 2 of the Dungeon)

   rN:        It protects you from negative energy.
   +Blink:    It lets you blink.
   Regen:     It increases your rate of health regeneration.
 t - a +0 chain mail (worn)
   (You found it on level 4 of the Dungeon)
Jewellery
 h - a ring of protection from fire
   (You found it on level 2 of the Dungeon)
Wands
 j - a wand of quicksilver (15)
   (You found it on level 2 of the Dungeon)
 p - a wand of paralysis (7)
   (You found it on level 4 of the Dungeon)
Scrolls
 a - 2 scrolls of magic mapping {unknown}
 c - a scroll of amnesia
 e - 8 scrolls of teleportation {@r4}
 f - a scroll of noise {!r}
 i - 3 scrolls of poison {!r}
 k - 2 scrolls of immolation {!r!r}
 m - a scroll of fear
 r - a scroll of vulnerability {unknown}
 v - a scroll of enchant weapon {unknown}
Potions
 d - 2 potions of might
 l - 2 potions of haste {@q3}
 n - a potion of degeneration {!q@e2}
 q - a potion of resistance {unknown}

Dungeon Overview and Level Annotations

Branches:
Dungeon (5/15) Zot: 26879  Temple (1/1) D:4 Zot: 5794

Altars:
Elyvilon
Gozag
Hepliaklqana
Kikubaaqudgha
Makhleb
Nemelex Xobeh
Okawaru
Qazlal
Ru
Sif Muna
Trog
Uskayaw
Vehumet
Xom
Yredelemnul
Zin
The Shining One

....######...........
.<.......#...........
#.....#.............
#..<....######.##
##.###†#.####.....
#......#...##.##..
#..####...#.####.##.##.#
.....lS...#.## .##.#...
.##..#@..##.# ##.##...
...#.†Ws..#.## ##.#....
## ##.#...##.# #.##....
~......#.###.#.....
.~~...#.##.#.##.....
...~......#...#......
.☼..~......##'##......
.§☼?.~ ...#.#...#......
#...#.#....


You could see a wraith, a scorpion, an iguana and an adder.


Message History

😮 HP[-3]
You take 3 damage, and now have 41/56 hp.
You hit the wraith. You headbutt the wraith! You hit the adder. x2
You feel sick. The adder bites you but does no damage.
The adder closely misses you. The adder bites you but does no damage.
The adder bites you. The wraith hits you but does no damage.
The adder barely misses the wraith.
The adder bites you but does no damage. 😮 HP[-2]
You take 2 damage, and now have 39/56 hp.
You hit the wraith but do no damage. You hit the adder. You slash the adder!
You kill the adder!
Okawaru accepts your kill.
You feel sick.
You are no longer poisoned.
The adder bites you but does no damage.
The adder bites the wraith.
The wraith hits you. The adder barely misses you.
The adder barely misses the scorpion.
The wraith barely misses you. You furiously retaliate!
You headbutt the wraith, but do no damage.
The adder bites you but does no damage. 😮 HP[-2]
You take 2 damage, and now have 37/56 hp.
You hit the wraith but do no damage. You slash the adder!
You kill the adder!
Okawaru accepts your kill. You block the wraith's attack.
The adder bites you but does no damage. The wraith hits you but does no damage.
The adder bites you but does no damage.
You have reached level 7! 😮 HP[+5] MP[+1]
You now have 61 max hp (+5).
You regained 5 hp, and now have 42/61 hp.
Your mp is fully restored (6).
You completely miss the wraith.
You catch the helpless adder completely off-guard!
You hit the adder. The wraith hits you but does no damage.
The adder barely misses the wraith.
The scorpion stings you but does no damage.
The wraith hits you. The wraith drains your vigour!
You feel as though you will be slow longer.
The adder closely misses you.
The adder bites something but does no damage. 😮 HP[-2]
You take 2 damage, and now have 40/61 hp.
You closely miss the wraith. Your headbutt misses the wraith.
You closely miss the adder. You hit the adder.
You kill the adder!
Okawaru accepts your kill.
You closely miss the scorpion.
The scorpion stings you but does no damage.
The adder bites you but does no damage. You block the wraith's attack.
The scorpion stings you. The adder bites you but does no damage.
The wraith hits you.
The scorpion stings you but does no damage. 😮 HP[-5]
You take 5 damage, and now have 35/61 hp.
You closely miss the wraith. You headbutt the wraith! You hit the scorpion.
You hit the adder. The adder closely misses you. You furiously retaliate!
You headbutt the adder. The scorpion stings you.
You are poisoned.
The scorpion poisons you! The wraith hits you.
* * * LOW HITPOINT WARNING * * *
The wraith drains your vigour!
You feel as though you will be slow longer.
The adder bites you but does no damage. The scorpion stings you.
* * * LOW HITPOINT WARNING * * *
You are more poisoned.
The scorpion poisons you! The wraith closely misses you.
You furiously retaliate!
You headbutt the wraith, but do no damage.
The adder bites you but does no damage. 😨 HP[-7]
You take 7 damage, and now have 28/61 hp.
Unknown command.
You hit the wraith but do no damage.
You headbutt the wraith, but do no damage.
You barely miss the scorpion. You barely miss the adder.
You feel extremely sick. The scorpion stings you.
* * * LOW HITPOINT WARNING * * *
You are more poisoned.
The scorpion poisons you! The adder bites you.
* * * LOW HITPOINT WARNING * * *
The wraith barely misses you. You furiously retaliate!
You headbutt the wraith, but do no damage.
The scorpion stings you but does no damage.
The adder bites you but does no damage. 😨 HP[-10]
You take 10 damage, and now have 18/61 hp.
You hit the wraith. You headbutt the wraith. You closely miss the scorpion.
You barely miss the adder.
* * * LOW HITPOINT WARNING * * *
You feel extremely sick. You block the adder's attack.
The wraith closely misses you.
The scorpion stings you but does no damage.
The adder bites you but does no damage. The wraith hits you!
* * * LOW HITPOINT WARNING * * *
The wraith drains your vigour!
You feel as though you will be slow longer.
The scorpion stings you.
You die...

Skill      XL: |  1  2  3  4  5  6 |
---------------+-------------------+-----
Axes           | 3 4 5 6 |  6.1
Fighting       | 4 5 |  5.3
Armour         | 4 5 |  5.3
Shields        | 4 5 |  5.3

Action                   |  1- 3 |  4- 6 |  7- 9 || total
-------------------------+-------+-------+-------++-------
Melee: War axe           |    88 |    97 |     5 ||   190
       Headbutt          |    16 |     8 |     3 ||    27
       Hand axe          |       |    33 |       ||    33
 Abil: Evoke Blink       |       |     1 |       ||     1
  Use: Scroll            |       |    11 |       ||    11
 Stab: Confused          |       |       |     1 ||     1
Armor: Scale mail        |    48 |    58 |       ||   106
       Chain mail        |       |    22 |    12 ||    34
Dodge: Dodged            |    44 |    49 |     5 ||    98
Block: Buckler           |    26 |    41 |     2 ||    69

Levels and vault maps discovered:
D:1:      lightli_arrival_noodles, layout_basic
D:2:      layout_loops_ring, kennysheep_generic_room_4
D:3:      layout_loops_ring, old_standard_altar
D:4:      layout_basic, minmay_temple_entry_junction
D:5:      layout_rooms, xom_confusion_cloud, nicolae_overflow_squiral,
          serial_undead, serial_undead_f, serial_undead_e, serial_undead_c,
          serial_undead_d, serial_shops, nicolae_shop_window_shopping,
          st_stairs_8, grunt_ministairs_11, grunt_decor_clamped,
          minmay_pentangle, uniq_crazy_yiuf_cottage
Temple:   nicolae_temple_bog_church

Notes
Turn   | Place    | Note
-------+----------+-------------------------------------------
     0 | D:1      | Sanktem7 the Minotaur Fighter began the quest for the Orb.
     0 | D:1      | Reached XP level 1. HP: 19/19 MP: 0/0
     0 | D:1      | magus.rc [v1.9.6]
   146 | D:1      | You add the spells Gell's Gravitas, Teleport Other and
                  | Dispersal to your library.
   154 | D:1      | Reached XP level 2. HP: 25/27 MP: 1/1
   191 | D:1      | Reached skill level 3 in Axes
   405 | D:1      | You pick up a book of Misfortune and begin reading...
   405 | D:1      | You add the spells Confusing Touch, Yara's Violent
                  | Unravelling and Enfeeble to your library.
   542 | D:1      | Reached skill level 4 in Fighting
   603 | D:1      | Reached XP level 3. HP: 33/33 MP: 2/2
   615 | D:1      | Reached skill level 4 in Armour
   766 | D:2      | Reached skill level 4 in Shields
   828 | D:2      | You pick up a book of Winter and begin reading...
   828 | D:2      | You add the spells Ozocubu's Armour, Metabolic Englaciation
                  | and Simulacrum to your library.
  1082 | D:2      | You add the spells Conjure Flame, Ignite Poison and Sticky
                  | Flame to your library.
  1286 | D:2      | Reached XP level 4. HP: 40/40 MP: 3/3
  1293 | D:2      | Identified the +1 buckler of a treasure trove {+Blink rN+
                  | Regen+}
  1739 | D:3      | Reached skill level 4 in Axes
  1752 | D:3      | Identified the +5 dagger of Conformity {vorpal, Will+
                  | Int+3}
  1971 | D:3      | Found an opulent altar of Gozag.
  2331 | D:4      | Reached XP level 5. HP: 47/47 MP: 4/4
  2424 | D:4      | Noticed a phantom
  2431 | D:4      | Noticed a wyvern
  2436 | D:4      | Killed a wyvern
  2437 | D:4      | Reached skill level 5 in Axes
  2437 | D:4      | Reached XP level 6. HP: 50/55 MP: 5/5
  2438 | D:4      | Reached skill level 5 in Fighting
  2438 | D:4      | Reached skill level 5 in Armour
  2438 | D:4      | Reached skill level 5 in Shields
  2748 | D:4      | Found a staircase to the Ecumenical Temple.
  2770 | Temple   | Entered the Ecumenical Temple
  2940 | Temple   | Became a worshipper of Warmaster Okawaru
  3156 | D:5      | Entered Level 5 of the Dungeon
  3232 | D:5      | Found a shimmering altar of Xom.
  3232 | D:5      | Noticed a wraith
  3240 | D:5      | Reached skill level 6 in Axes
  3243 | D:5      | Reached XP level 7. HP: 42/61 MP: 6/6
  3247 | D:5      | HP: 11/61 [poisoned by a scorpion]
  3247 | D:5      | HP: 4/61 [wraith (7)]
  3247 | D:5      | Slain by a scorpion

Vanquished Creatures
  A wyvern (D:4)
  A phantom (D:4)
  A hound (D:5)
  2 iguanas (D:5)
  An orc wizard (D:4)
  11 adders
  3 dart slugs
  3 worms
  7 orcs
  13 ball pythons
  9 bats
  8 endoplasms
  2 giant cockroaches
  5 hobgoblins
  3 jackals (D:2)
  11 kobolds
  5 quokkas
  2 frilled lizards
  7 goblins
  5 rats
100 creatures vanquished.

Table legend:
 A = Non-vault XP
 B = Vault XP
 C = Vault XP percentage of total XP
 D = Non-vault monster count
 E = Vault monster count
 F = Vault count percentage of total count
                 A         B        C        D         E       F
            +---------+---------+-------+---------+---------+-------
      Total |     664 |      87 |  11.6 |      95 |       5 |   5.0
            +---------+---------+-------+---------+---------+-------
        D:1 |      44 |       0 |   0.0 |      28 |       0 |   0.0
        D:2 |      68 |       0 |   0.0 |      22 |       0 |   0.0
        D:3 |      66 |       0 |   0.0 |      22 |       0 |   0.0
        D:4 |     394 |       0 |   0.0 |      20 |       0 |   0.0
        D:5 |      92 |      87 |  48.6 |       3 |       5 |  62.5
            +---------+---------+-------+---------+---------+-------

Illustrated notes

Table legend:
 A = Kills in this place as a percentage of kills in entire the game.
 B = Kills by you in this place as a percentage of kills by you in the entire game.
 C = Kills by friends in this place as a percentage of kills by friends in the entire game.
 D = Other kills in this place as a percentage of other kills in the entire game.
 E = Experience gained in this place as a percentage of experience gained in the entire game.
 F = Experience gained in this place divided by the number of levels of this place that you have seen.
                   A       B       C       D       E      F
               +-------+-------+-------+-------+-------+----------------------
         Total | 100.0 | 100.0 |   N/A |   N/A | 100.0 | 125.2
       Dungeon | 100.0 | 100.0 |   N/A |   N/A | 100.0 | 150.2
               +-------+-------+-------+-------+-------+----------------------

Table legend: (Time is in decaauts)
 A = Elapsed time spent in this place.
 B = Non-inter-level travel time spent in this place.
 C = Inter-level travel time spent in this place.
 D = Time resting spent in this place.
 E = Time spent auto-exploring this place.
 F = Levels seen in this place.
 G = Mean time per level.
                   A        B        C        D        E       F      G
               +--------+--------+--------+--------+--------+-----+--------+
         Total |   3324 |   3248 |     76 |      0 |   2589 |   6 |  554.0 |
       Dungeon |   3118 |   3094 |     24 |      0 |   2452 |   5 |  623.6 |
        Temple |    205 |    153 |     52 |      0 |    137 |   1 |  205.0 |
               +--------+--------+--------+--------+--------+-----+--------+

Top non-repeatable levels by time:
     D:2: 921 daAuts
     D:1: 770 daAuts
     D:3: 678 daAuts
     D:4: 647 daAuts
  Temple: 205 daAuts
     D:5: 100 daAuts
